Map: Neon Violet Square LE

Players

pressure - Winner!

  • Race: Protoss Protoss
  • League: Master
  • Spawn Location: 11:00

Ace

  • Race: Terran Terran
  • League: Diamond
  • Spawn Location: 5:00

VOD

Have the link to the VOD?

Description

Time

  • Played on: April 28, 2018, 5:45 a.m.
  • Length: 15:17
Show
View Real Time Build Order
Export as new Build Order

pressure Protoss - Winner!

Build Orders:  

Get SALT Encoding   

  12  0:00  Probe  
  13  0:13  Probe  
  14  0:17  Pylon  
  14  0:25  Probe  
  15  0:33  Probe  
  15  0:36  Gateway  
  15  0:42  Probe  
  16  0:43  Assimilator  
  17  0:53  Probe  
  18  1:05  Probe  
  19  1:17  Probe  
  20  1:31  Cybernetics Core  
  20  1:34  Assimilator  
  20  1:36  Pylon  
  20  1:39  Probe  
  21  1:47  Probe  
  22  1:56  Probe  
  23  2:12  Robotics Facility, Stalker  
  25  2:16  Probe  
  25  2:21  Pylon  
  26  2:31  Probe  
  26  2:34  Pylon  
  27  2:37  Warp Gate  
  29  2:53  Nexus  
  29  3:04  Immortal  
  31  3:09  Probe  
  32  3:14  Pylon  
  32  3:22  Sentry  
  34  3:28  Gateway  
  34  3:38  Gateway  
  34  3:48  Shield Battery  
  34  3:56  Shield Battery  
  34  4:09  Immortal  
  37  4:14  Pylon  
  37  4:22  Probe  
  37  4:23  Probe  
  39  4:37  Shield Battery  
  39  4:44  Stalker x2  
  43  4:48  Probe  
  44  4:56  Probe  
  45  5:01  Probe  
  45  5:04  Probe  
  46  5:07  Stalker, Warp Prism  
  46  5:12  Probe  
  51  5:17  Probe  
  53  5:22  Sentry  
  53  5:23  Probe  
  56  5:28  Sentry  
  56  5:31  Probe  
  56  5:33  Probe  
  60  5:43  Probe  
  61  5:54  Probe  
  61  5:56  Stalker x3  
  67  5:58  Probe  
  67  5:59  Observer  
  70  6:08  Pylon  
  70  6:17  Pylon  
  70  6:26  Probe x2  
  72  6:38  Probe x2  
  70  6:40  Stalker x3  
  68  6:56  Probe x2  
  68  7:07  Stalker x3  
  62  7:32  Stalker x3  
  62  7:33  Probe x2  
  62  7:35  Nexus  
  62  7:36  Immortal  
  74  7:45  Probe x2  
  70  7:57  Probe  
  67  7:58  Probe  
  67  8:01  Forge  
  67  8:03  Forge  
  68  8:06  Gateway  
  68  8:08  Gateway, Adept x3  
  74  8:13  Gateway  
  74  8:14  Probe x2  
  74  8:16  Gateway  
  76  8:20  Immortal  
  76  8:23  Pylon, Assimilator  
  76  8:25  Pylon  
  76  8:27  Assimilator  
  80  8:36  Adept x3  
  84  9:06  Stalker x3  
  82  9:22  Stalker x2  
  40  9:51  Stalker x5  
  47  10:05  Protoss Ground Armor Level 1  
  47  10:06  Protoss Ground Weapons Level 1  
  41  10:09  Probe  
  41  10:10  Probe  
  43  10:21  Probe  
  43  10:22  Probe  
  43  10:28  Twilight Council  
  45  10:33  Probe  
  45  10:34  Probe  
  47  10:38  Immortal  
  47  10:42  Probe  
  51  10:47  Probe  
  53  10:51  Adept  
  53  10:53  Adept  
  57  11:18  Adept x3  
  57  11:22  Probe  
  61  11:29  Stalker  
  63  11:39  Probe  
  57  11:44  Probe  
  55  11:56  Probe  
  55  12:00  Probe  
  55  12:12  Probe  
  48  12:20  Probe  
  43  12:28  Templar Archives  
  43  12:33  Immortal  
  45  12:55  Probe  
  46  12:58  Observer  
  46  13:03  Immortal  
  44  13:13  Probe  
  44  13:14  Probe  
  50  13:25  Probe  
  51  13:34  High Templar x2  
  51  13:35  High Templar x2  
  51  13:36  Charge  
  59  13:41  Archon  
  59  13:42  Archon  
  59  13:45  Zealot  
  59  13:47  Probe x2  
  59  14:00  Probe x2  
  61  14:13  Probe  
  60  14:21  Zealot x4  
  68  14:31  Probe x2  
  70  14:46  Nexus  
  70  14:59  Zealot x2  
Show
View Real Time Build Order
Export as new Build Order

Ace Terran 

Build Orders: Cyclone Opening, Mech 

Get SALT Encoding   

  12  0:00  SCV  
  13  0:13  SCV  
  14  0:18  Supply Depot  
  14  0:25  SCV  
  15  0:40  SCV  
  15  0:42  Barracks  
  16  0:45  Refinery  
  16  0:52  SCV  
  16  0:55  Refinery  
  17  1:04  SCV  
  18  1:16  SCV  
  19  1:28  SCV  
  20  1:32  Factory  
  20  1:39  Supply Depot  
  20  1:41  SCV  
  20  1:43  Barracks Reactor  
  21  1:54  SCV  
  22  2:06  Orbital Command  
  22  2:31  Starport  
  22  2:32  SCV  
  23  2:42  Cyclone  
  26  2:44  SCV  
  27  2:56  SCV  
  28  2:59  Supply Depot  
  28  3:03  Liberator  
  28  3:08  Command Center, SCV  
  29  3:22  SCV  
  34  3:34  SCV  
  34  3:35  Hellion x2  
  38  3:42  Supply Depot  
  38  3:46  SCV  
  39  3:50  Barracks Tech Lab  
  39  3:53  Liberator  
  39  3:57  Factory  
  39  4:04  Hellion x2  
  43  4:14  SCV  
  48  4:25  Supply Depot  
  48  4:26  Orbital Command, Factory  
  48  4:29  SCV  
  48  4:43  SCV  
  49  4:55  SCV  
  49  4:57  SCV  
  47  5:07  SCV  
  47  5:08  Command Center  
  48  5:15  SCV  
  48  5:17  Refinery  
  48  5:18  Factory Tech Lab  
  48  5:20  SCV  
  50  5:24  Armory  
  50  5:28  Refinery  
  50  5:29  Siege Tank  
  53  5:45  Siege Tank  
  53  5:46  Hellion x2  
  53  5:47  SCV x2  
  59  5:57  Medivac  
  59  5:59  SCV x2, Infernal Pre-Igniter  
  60  6:11  SCV x2  
  60  6:12  Terran Vehicle Weapons Level 1, Engineering Bay  
  60  6:17  Hellbat x2  
  60  6:18  Hellbat  
  68  6:20  Siege Tank, Refinery  
  68  6:23  SCV  
  72  6:31  Medivac, SCV  
  75  6:36  SCV  
  76  6:41  Hellbat  
  76  6:43  Marine, Hellbat x2  
  66  6:57  Hellbat  
  61  7:01  Marine  
  61  7:03  Hellbat  
  61  7:04  Siege Tank  
  55  7:18  Siege Tank  
  49  7:33  Hellbat x2  
  49  7:36  Siege Tank  
  55  7:50  Siege Tank  
  55  7:54  Hellbat x2, SCV x2  
  57  8:06  SCV  
  57  8:09  Siege Tank  
  61  8:16  Supply Depot  
  61  8:17  SCV  
  62  8:22  Siege Tank  
  65  8:28  Orbital Command  
  65  8:30  SCV x2  
  67  8:40  Hellbat  
  63  8:42  SCV  
  63  8:47  Marine, Hellbat  
  63  8:51  SCV  
  49  9:09  Hellbat  
  38  9:11  SCV  
  30  9:36  Siege Tank, Hellbat  
  22  9:54  Hellbat x2  
  22  9:55  SCV x2  
  20  10:08  Siege Tank  
  20  10:13  SCV  
  20  10:14  SCV x2  
  26  10:26  SCV x3  
  29  10:38  SCV x3  
  32  10:45  Siege Tank  
  32  10:46  Hellbat  
  37  10:50  SCV x3  
  37  10:55  Hellbat  
  42  11:02  SCV x2  
  44  11:05  Hellbat  
  43  11:14  Hellbat  
  43  11:17  Hellbat  
  36  11:30  Hellbat x2  
  38  11:35  Hellbat  
  35  11:47  Hellbat  
  29  12:35  Orbital Command  
  27  12:46  SCV  
  27  12:58  SCV  
  26  13:02  SCV  
  26  13:10  Hellbat x2, SCV  
  28  13:14  SCV  
  29  13:22  SCV  
  29  13:26  SCV  
  31  13:32  Hellbat  
  33  13:34  SCV  
  33  13:38  SCV  
  34  13:45  Hellbat  
  34  13:46  SCV  
  36  13:54  SCV  
  36  13:58  SCV  
  36  14:02  Hellbat  
Tags
 
Add a new tag
Caveats
  • Supply blocks, unpowered buildings, or Contaminate may cause inaccurate times.
  • Supply counts are checked every 10 seconds.